 Dungeon Crawl Stone Soup version 0.29.0-4-gdea44cf6ec (webtiles) character file.

Game seed: 7830764115555894971

14313 qw the Grappler (level 11, 0/105 HPs)
             Began as a Troll Cinder Acolyte on Aug 30, 2022.
             Was an Initiate of Okawaru.
             Slain by Urug
             ... wielding a +2 broad axe
              (20 damage)
             ... on level 2 of the Lair of Beasts.
             The game lasted 00:06:56 (11987 turns).

qw the Grappler (Troll Cinder Acolyte)             Turns: 11987, Time: 00:06:56

Health: 0/105      AC: 13    Str: 38    XL:     11   Next: 87%
Magic:  11/11      EV: 11    Int:  9    God:    Okawaru [......]
Gold:   744        SH:  9    Dex:  4    Spells: 12/12 levels left

rFire   x . .      SeeInvis .     - Unarmed
rCold   + + .      Faith    .   b - +0 kite shield
rNeg    . . .      Spirit   .   k - +0 ice dragon scales
rPois   .          Reflect  .   (helmet restricted)
rElec   .          Harm     .   j - +0 cloak
rCorr   .          Rampage  .   (gloves unavailable)
Will    +....                   (boots unavailable)
Stlth   ..........              (no amulet)
HPRegen 1.07/turn               Y - +6 ring of strength
MPRegen 0.12/turn               p - +4 ring of evasion

@: about to teleport, slowed, very slow
A: large, unfitting armour, claws 3, regeneration 1, shaggy fur 1, tough skin 1,
strong-willed 1, sense surroundings 1, strong 1
a: Renounce Religion


You were on level 2 of the Lair of Beasts.
You worshipped Okawaru.
Okawaru was noncommittal.
You visited 3 branches of the dungeon, and saw 12 of its levels.
You also visited: Sewer.

You collected 816 gold pieces.
You spent 72 gold pieces at shops.


Innate Abilities, Weirdness & Mutations

You are too large for most types of armour.
You have claws for hands.
Your natural rate of healing is unusually fast.
You are covered in fur. (AC +1)
You have tough skin. (AC +1)
You are strong-willed. (Will+)
You passively map a small area around you.
Your muscles are strong. (Str +4, Int/Dex -1)


   Skills:
 - Level 6.0 Fighting
 - Level 1.4 Throwing
 + Level 3.5 Armour
 - Level 1.1 Dodging
 - Level 10.0 Shields
 - Level 14.0 Unarmed Combat
 - Level 1.0 Spellcasting
 - Level 2.1 Fire Magic


You had 12 spell levels left.
You didn't know any spells.
Your spell library contained the following spells:

 Spells                   Type           Power      Damage    Failure   Level
 Scorch                   Fire           8%         2d5       63%         2

Inventory:

Armour
 a - a +0 robe
 b - a +0 kite shield (worn)
 j - a +0 cloak (worn)
 k - +0 ice dragon scales (worn)
Jewellery
 p - a +4 ring of evasion (right claw)
 Y - a +6 ring of strength (left claw)
Scrolls
 d - a scroll of identify
 l - a scroll of enchant weapon
 q - a scroll of brand weapon
Potions
 e - 2 potions of heal wounds
 f - 7 potions of curing
 h - 3 potions of haste
 m - 2 potions of mutation
 n - a potion of resistance

Dungeon Overview and Level Annotations

Branches:
Dungeon (9/15)             Temple (1/1) D:4            Lair (2/5) D:9
  Swamp (0/4) Lair:2        Sewer (visited)
  Snake: Lair:2-3    Spider: Lair:2-3       Orc: D:9-12

Altars:
Ashenzari
Cheibriados
Dithmenos
Fedhas
Gozag
Hepliaklqana
Kikubaaqudgha
Makhleb
Nemelex Xobeh
Okawaru
Qazlal
Ru
Sif Muna
Trog
Uskayaw
Vehumet
Wu Jian
Xom
Yredelemnul
Zin
The Shining One

Shops:
D:3 [   D:4 (

Annotations:
D:7 3 runed translucent doors, qw's ghost, novice TeWr
Lair:2 Urug


Message History

The yak barely misses you.
You mangle the yak!!
You kill the yak!
Okawaru accepts your kill.
Found a book of Flames.
Found a wand of paralysis (4).
The rime drake hisses angrily.
The rime drake hisses angrily.
You hear an angry hiss.
You see here a wand of paralysis (4).
The rime drake hisses angrily.
Urug shouts!
Found a dagger.
Enter note:
Enter note: Urug zaps a wand.
The roots erupt in riotous growth!
The grasping roots grab you! The grasping roots constrict you!
The roots grasp on you weakens, but your attempt to escape fails.
Urug drinks a potion.
Urug goes berserk!
The grasping roots constrict you.
You escape the roots grasp.
Urug barely misses you. Urug hits you with a +2 broad axe!!
There is a broken door, spattered with blood here.
You eviscerate Urug!!!
Urug is moderately wounded.
Urug hits you with a +2 broad axe!!
Being near the torpor snail leaves you feeling lethargic.
You mangle Urug!!
Urug is severely wounded.
Urug closely misses you. Urug barely misses you.
You scratch Urug but do no damage.
Urug is severely wounded.
Urug completely misses you. Urug barely misses you.
You barely miss Urug.
Urug is severely wounded.
Urug hits you with a +2 broad axe!!! Urug completely misses you.
11987 ||| READING scroll of teleportation.
As you read the scroll of teleportation, it crumbles to dust.
You feel strangely unstable. Urug hits you with a +2 broad axe!!
You die...

* *## * * ### ####.# ..#
##.#.# .# ##...#### ,
.#########.#.....#
...##...#P...P#..####... *
............####@####### **
............#####okk....
............######kk##..##
..............#####kkw.### *
,, ..............##*###k.####
* ,
...............######..####..
.......##........###....###..
......) #........##..##..##..
...... #......#...######k.##P
*


You could see Urug (berserk), a torpor snail and 7 rime drakes.

Vanquished Creatures
  An ice dragon (Lair:1)
  3 hydras (Lair:2)
  A two-headed ogre (D:9)
  A death yak (D:9)
  An elephant (D:9)
  2 cane toads
  A komodo dragon (Lair:2)
  A troll (D:9)
  A polar bear (Lair:1)
  A shadow (D:6)
  A wyvern (D:9)
  30 yaks
  2 basilisks (D:9)
  6 water moccasins
  2 orc warriors
  A sky beast (D:6)
  An ice beast (D:6)
  3 black bears
  An ogre (D:4)
  4 centaurs
  5 kobold brigands
  A gnoll sergeant (D:9)
  6 bullfrogs
  4 scorpions
  A wight (D:9)
  5 killer bees (D:8)
  A howler monkey (D:4)
  3 jellies
  2 hounds (D:6)
  3 orc priests
  A gnoll bouda (D:7)
  Ijyb (D:3)
  Natasha (D:3)
  10 orc wizards
  6 iguanas
  Terence (D:3)
  Robin (D:3)
  8 gnolls
  19 adders
  3 river rats
  A shadow imp (D:6)
  3 white imps
  An ufetubus (D:4)
  6 worms
  4 dart slugs
  30 orcs
  7 bats
  9 endoplasms
  2 giant cockroaches
  16 goblins
  6 hobgoblins
  10 jackals
  7 quokkas
  14 ball pythons
  8 frilled lizards
  18 kobolds
  12 rats
300 creatures vanquished.

Vanquished Creatures (others)
  8 fungi
  21 plants
29 creatures vanquished.

Grand Total: 329 creatures vanquished

Notes
Turn   | Place    | Note
-------+----------+-------------------------------------------
     0 | D:1      | qw the Troll Cinder Acolyte began the quest for the Orb.
     0 | D:1      | Reached XP level 1. HP: 22/22 MP: 1/1
     0 | D:1      | 0 ||| qw: Version: 0.1-a-95-gae9e614
     0 | D:1      | 0 ||| qw: Game counter: 4427
     0 | D:1      | 0 ||| qw: Always use a shield: true
     0 | D:1      | 0 ||| qw: God list: Okawaru
     0 | D:1      | 0 ||| qw: Allow faded altars: false
     0 | D:1      | 0 ||| qw: Do Orc after D:15 true
     0 | D:1      | 0 ||| qw: Do second Lair branch before Depths: true
     0 | D:1      | 0 ||| qw: Lair rune preference: random
     0 | D:1      | 0 ||| qw: Plans: Normal
     0 | D:1      | 0 ||| PLANNING D:1-11
    71 | D:1      | Reached XP level 2. HP: 29/29 MP: 2/2
    76 | D:1      | 76 ||| Stepping ~*~*~tactically~*~*~ (outnumbered).
    78 | D:1      | 78 ||| Stepping ~*~*~tactically~*~*~ (outnumbered).
    80 | D:1      | 80 ||| Stepping ~*~*~tactically~*~*~ (outnumbered).
    84 | D:1      | 84 ||| Stepping ~*~*~tactically~*~*~ (outnumbered).
    86 | D:1      | 86 ||| Stepping ~*~*~tactically~*~*~ (outnumbered).
    91 | D:1      | 91 ||| Stepping ~*~*~tactically~*~*~ (outnumbered).
   128 | D:1      | 128 ||| Stepping ~*~*~tactically~*~*~ (stealth).
   152 | D:1      | Reached skill level 4 in Unarmed Combat
   206 | D:1      | 206 ||| Stepping ~*~*~tactically~*~*~ (stealth).
   247 | D:1      | Reached XP level 3. HP: 36/36 MP: 3/3
   421 | D:1      | 421 ||| Stepping ~*~*~tactically~*~*~ (hiding).
   437 | D:1      | 437 ||| Stepping ~*~*~tactically~*~*~ (stealth).
   533 | D:1      | 533 ||| Stepping ~*~*~tactically~*~*~ (stealth).
   543 | D:1      | 543 ||| Stepping ~*~*~tactically~*~*~ (stealth).
   548 | D:1      | 548 ||| Stepping ~*~*~tactically~*~*~ (stealth).
   549 | D:1      | 549 ||| Stepping ~*~*~tactically~*~*~ (stealth).
   846 | D:1      | 846 ||| READING scroll labelled HOJOWUGGIM.
  1035 | D:2      | Found a faded altar of an unknown god.
  1037 | D:2      | 1037 ||| Stepping ~*~*~tactically~*~*~ (stealth).
  1047 | D:2      | 1047 ||| Stepping ~*~*~tactically~*~*~ (stealth).
  1053 | D:2      | 1053 ||| Stepping ~*~*~tactically~*~*~ (stealth).
  1057 | D:2      | 1057 ||| Stepping ~*~*~tactically~*~*~ (stealth).
  1060 | D:2      | 1060 ||| Stepping ~*~*~tactically~*~*~ (stealth).
  1149 | D:2      | Reached XP level 4. HP: 36/44 MP: 4/4
  1167 | D:2      | 1167 ||| Stepping ~*~*~tactically~*~*~ (stealth).
  1169 | D:2      | 1169 ||| Stepping ~*~*~tactically~*~*~ (hiding).
  1176 | D:2      | Reached skill level 5 in Unarmed Combat
  1390 | D:2      | Found a sparkling altar of Nemelex Xobeh.
  1687 | D:2      | 1687 ||| READING 2 scrolls labelled BIH BEIBRI.
  1690 | D:2      | 1690 ||| READING 2 scrolls labelled JOUHOY IMUECI.
  1691 | D:2      | 1691 ||| READING scroll labelled NOCUINLE VUGIF.
  1692 | D:2      | 1692 ||| READING scroll labelled EPRIXT RICLENOAP.
  1747 | D:3      | 1747 ||| Stepping ~*~*~tactically~*~*~ (stealth).
  2126 | D:3      | Found Jycit's Antique Armour Shop.
  2154 | D:3      | Reached XP level 5. HP: 46/50 MP: 5/5
  2178 | D:3      | 2178 ||| Stepping ~*~*~tactically~*~*~ (hiding).
  2180 | D:3      | Noticed Robin
  2181 | D:3      | 2181 ||| INVOKING Fiery Armour.
  2182 | D:3      | Noticed Natasha
  2186 | D:3      | Killed Natasha
  2187 | D:3      | Reached skill level 6 in Unarmed Combat
  2192 | D:3      | 2192 ||| Stepping ~*~*~tactically~*~*~ (outnumbered).
  2195 | D:3      | Killed Robin
  2214 | D:3      | Noticed Ijyb
  2215 | D:3      | Noticed Terence
  2222 | D:3      | Killed Ijyb
  2225 | D:3      | Killed Terence
  2429 | D:3      | 2429 ||| SHOPLISTING +0 mask of the Dragon {Will+ Slay+3
                  | SInv} (534 gold, have 156).
  2429 | D:3      | 2429 ||| BUYING cloak (72 gold).
  2429 | D:3      | Bought a cloak for 72 gold pieces
  2429 | D:3      | 2429 ||| SHOPLISTING encrusted steam dragon scales (720
                  | gold, have 84).
  2612 | D:3      | 2612 ||| UPGRADING to +0 kite shield.
  2617 | D:3      | 2617 ||| UPGRADING to +0 cloak.
  2622 | D:3      | 2622 ||| READING scroll labelled LELYUCWEUJU.
  2623 | D:3      | 2623 ||| READING scroll labelled TOOXOL OTEUMA.
  2624 | D:3      | 2624 ||| DRINKING 2 fuming amethyst potions.
  2725 | D:4      | Reached skill level 1 in Shields
  2725 | D:4      | Reached XP level 6. HP: 33/59 MP: 6/6
  2750 | D:4      | 2750 ||| Stepping ~*~*~tactically~*~*~ (stealth).
  2805 | D:4      | 2805 ||| Stepping ~*~*~tactically~*~*~ (stealth).
  2806 | D:4      | 2806 ||| Stepping ~*~*~tactically~*~*~ (stealth).
  2854 | D:4      | Found a staircase to the Ecumenical Temple.
  2909 | D:4      | 2909 ||| Stepping ~*~*~tactically~*~*~ (stealth).
  3063 | D:4      | 3063 ||| Stepping ~*~*~tactically~*~*~ (stealth).
  3064 | D:4      | 3064 ||| Stepping ~*~*~tactically~*~*~ (stealth).
  3066 | D:4      | 3066 ||| Stepping ~*~*~tactically~*~*~ (stealth).
  3087 | D:4      | Reached skill level 3 in Shields
  3111 | D:4      | Found Doschuija's Weapon Boutique.
  3364 | D:4      | 3364 ||| UPGRADING to ring of protection from cold.
  3365 | D:4      | 3365 ||| READING scroll labelled GUDDEO UCWAUFO.
  3466 | D:4      | 3466 ||| DRINKING 2 black potions.
  3570 | D:4      | 3570 ||| DROPPING potion of berserk rage.
  3580 | D:5      | Entered Level 5 of the Dungeon
  3583 | D:5      | 3583 ||| Stepping ~*~*~tactically~*~*~ (stealth).
  3587 | D:5      | 3587 ||| Stepping ~*~*~tactically~*~*~ (stealth).
  3590 | D:5      | 3590 ||| Stepping ~*~*~tactically~*~*~ (hiding).
  3607 | D:5      | 3607 ||| Stepping ~*~*~tactically~*~*~ (hiding).
  3616 | D:5      | Reached XP level 7. HP: 65/66 MP: 7/7
  3669 | D:5      | 3669 ||| Stepping ~*~*~tactically~*~*~ (stealth).
  3984 | D:5      | 3984 ||| Stepping ~*~*~tactically~*~*~ (stealth).
  4395 | D:5      | 4395 ||| READING 3 scrolls of identify.
  4395 | D:5      | 4395 ||| IDENTIFYING bubbling grey potion
  4396 | D:5      | 4396 ||| READING 2 scrolls of identify.
  4396 | D:5      | 4396 ||| IDENTIFYING golden potion
  4397 | D:5      | 4397 ||| DROPPING potion of ambrosia.
  4433 | D:5      | Reached skill level 7 in Unarmed Combat
  4463 | D:6      | 4463 ||| PLANNING SEWER
  4472 | D:6      | 4472 ||| INVOKING Fiery Armour.
  4484 | D:6      | Reached XP level 8. HP: 74/74 MP: 8/8
  4488 | D:6      | Reached skill level 6 in Shields
  4534 | D:6      | 4534 ||| READING 4 scrolls of teleportation.
  4546 | D:6      | 4546 ||| Stepping ~*~*~tactically~*~*~ (hiding).
  4572 | D:6      | Reached skill level 8 in Unarmed Combat
  4601 | D:6      | Reached skill level 3 in Fighting
  4657 | D:6      | Found a snail-covered altar of Cheibriados.
  4776 | D:6      | 4776 ||| UPGRADING to ring of positive energy.
  4780 | D:6      | 4780 ||| READING 3 scrolls of teleportation.
  4867 | D:6      | 4867 ||| READING 2 scrolls of teleportation.
  4936 | D:6      | Reached skill level 9 in Unarmed Combat
  5113 | D:6      | Found a glowing drain.
  5117 | Sewer    | Entered a sewer
  5130 | Sewer    | 5130 ||| Stepping ~*~*~tactically~*~*~ (stealth).
  5131 | Sewer    | 5131 ||| Stepping ~*~*~tactically~*~*~ (stealth).
  5141 | Sewer    | 5141 ||| Stepping ~*~*~tactically~*~*~ (outnumbered).
  5376 | Sewer    | 5376 ||| Stepping ~*~*~tactically~*~*~ (stealth).
  5384 | Sewer    | 5384 ||| Stepping ~*~*~tactically~*~*~ (outnumbered).
  5480 | Sewer    | Reached XP level 9. HP: 73/83 MP: 9/9
  5535 | Sewer    | 5535 ||| READING scroll labelled NEYCOW YFIUBRUID.
  5536 | Sewer    | 5536 ||| DRINKING 2 white potions.
  5537 | Sewer    | 5537 ||| DRINKING 3 clear potions.
  5537 | Sewer    | Gained mutation: You are frail. (-10% HP) [potion of
                  | mutation]
  5537 | Sewer    | Gained mutation: You occasionally lose the ability to read
                  | scrolls when taking damage. [potion of mutation]
  5538 | Sewer    | 5538 ||| DRINKING 2 potions of mutation.
  5538 | Sewer    | Lost mutation: You are frail. (-10% HP) [potion of
                  | mutation]
  5538 | Sewer    | Lost mutation: You occasionally lose the ability to read
                  | scrolls when taking damage. [potion of mutation]
  5538 | Sewer    | Gained mutation: You passively map a small area around you.
                  | [potion of mutation]
  5538 | Sewer    | Gained mutation: Your muscles are strong. (Str +4, Int/Dex
                  | -1) [potion of mutation]
  5538 | Sewer    | Gained mutation: You are strong-willed. (Will+) [potion of
                  | mutation]
  5562 | D:6      | 5562 ||| PLANNING D:1-11
  5767 | D:7      | 5767 ||| Stepping ~*~*~tactically~*~*~ (hiding).
  5773 | D:7      | 5773 ||| INVOKING Fiery Armour.
  5775 | D:7      | 5775 ||| Stepping ~*~*~tactically~*~*~ (hiding).
  5846 | D:7      | Found an ornate altar of the Wu Jian Council.
  5991 | D:7      | 5991 ||| Stepping ~*~*~tactically~*~*~ (hiding).
  5992 | D:7      | 5992 ||| Stepping ~*~*~tactically~*~*~ (hiding).
  6037 | D:7      | 6037 ||| FLEEEEING.
  6054 | D:7      | Found a runed translucent gate.
  6055 | D:7      | Found a runed translucent gate.
  6055 | D:7      | Found a runed translucent gate.
  6056 | D:7      | Noticed qw's ghost (novice TeWr)
  6061 | D:7      | Identified the +8 chain mail "Gyupiade" {rCorr}
  6112 | D:7      | 6112 ||| Stepping ~*~*~tactically~*~*~ (stealth).
  6125 | D:7      | 6125 ||| FLEEEEING.
  6134 | D:7      | 6134 ||| FLEEEEING.
  6138 | D:7      | 6138 ||| FLEEEEING.
  6140 | D:7      | 6140 ||| FLEEEEING.
  6141 | D:7      | 6141 ||| FLEEEEING.
  6142 | D:7      | 6142 ||| FLEEEEING.
  6143 | D:7      | 6143 ||| FLEEEEING.
  6144 | D:7      | 6144 ||| FLEEEEING.
  6145 | D:7      | 6145 ||| FLEEEEING.
  6146 | D:7      | 6146 ||| FLEEEEING.
  6147 | D:7      | 6147 ||| FLEEEEING.
  6148 | D:7      | 6148 ||| FLEEEEING.
  6241 | D:7      | 6241 ||| Stepping ~*~*~tactically~*~*~ (hiding).
  6250 | D:7      | Reached skill level 10 in Unarmed Combat
  6428 | D:7      | 6428 ||| DRINKING 6 potions of curing.
  6428 | D:7      | 6428 ||| (to cure confusion)
  6447 | D:7      | 6447 ||| Stepping ~*~*~tactically~*~*~ (stealth).
  6555 | D:7      | 6555 ||| Stepping ~*~*~tactically~*~*~ (hiding).
  6574 | D:7      | 6574 ||| Stepping ~*~*~tactically~*~*~ (stealth).
  6576 | D:7      | 6576 ||| Stepping ~*~*~tactically~*~*~ (stealth).
  6843 | D:7      | 6843 ||| UPGRADING to ring of resist corrosion.
  6845 | D:7      | 6845 ||| READING scroll labelled LIZOUL URYON.
  6884 | D:7      | 6884 ||| READING scroll labelled MUFFOS JELE.
  6885 | D:7      | 6885 ||| READING 4 scrolls of identify.
  6885 | D:7      | 6885 ||| IDENTIFYING fizzy green potion
  6886 | D:7      | 6886 ||| READING 3 scrolls of identify.
  6886 | D:7      | 6886 ||| IDENTIFYING fizzy yellow potion
  6887 | D:7      | 6887 ||| READING 2 scrolls of identify.
  6887 | D:7      | 6887 ||| IDENTIFYING sapphire potion
  6888 | D:7      | 6888 ||| DROPPING potion of magic.
  6889 | D:7      | 6889 ||| DROPPING potion of flight.
  7062 | D:8      | 7062 ||| Stepping ~*~*~tactically~*~*~ (stealth).
  7065 | D:8      | 7065 ||| Stepping ~*~*~tactically~*~*~ (stealth).
  7066 | D:8      | 7066 ||| Stepping ~*~*~tactically~*~*~ (stealth).
  7067 | D:8      | 7067 ||| Stepping ~*~*~tactically~*~*~ (stealth).
  7075 | D:8      | 7075 ||| Stepping ~*~*~tactically~*~*~ (outnumbered).
  7115 | D:8      | 7115 ||| Stepping ~*~*~tactically~*~*~ (hiding).
  7128 | D:8      | 7128 ||| Stepping ~*~*~tactically~*~*~ (outnumbered).
  7246 | D:8      | Found a radiant altar of Vehumet.
  7260 | D:8      | 7260 ||| INVOKING Fiery Armour.
  7268 | D:8      | 7268 ||| Stepping ~*~*~tactically~*~*~ (outnumbered).
  7269 | D:8      | 7269 ||| Stepping ~*~*~tactically~*~*~ (outnumbered).
  7270 | D:8      | 7270 ||| Stepping ~*~*~tactically~*~*~ (outnumbered).
  7271 | D:8      | 7271 ||| Stepping ~*~*~tactically~*~*~ (outnumbered).
  7272 | D:8      | 7272 ||| Stepping ~*~*~tactically~*~*~ (outnumbered).
  7567 | D:8      | Found a stormy altar of Qazlal.
  7584 | D:8      | 7584 ||| Stepping ~*~*~tactically~*~*~ (stealth).
  7590 | D:8      | 7590 ||| Stepping ~*~*~tactically~*~*~ (outnumbered).
  7591 | D:8      | 7591 ||| Stepping ~*~*~tactically~*~*~ (outnumbered).
  7592 | D:8      | 7592 ||| Stepping ~*~*~tactically~*~*~ (outnumbered).
  7593 | D:8      | 7593 ||| Stepping ~*~*~tactically~*~*~ (outnumbered).
  7595 | D:8      | 7595 ||| Stepping ~*~*~tactically~*~*~ (outnumbered).
  7596 | D:8      | 7596 ||| Stepping ~*~*~tactically~*~*~ (outnumbered).
  7597 | D:8      | 7597 ||| Stepping ~*~*~tactically~*~*~ (outnumbered).
  7598 | D:8      | 7598 ||| Stepping ~*~*~tactically~*~*~ (outnumbered).
  7599 | D:8      | 7599 ||| Stepping ~*~*~tactically~*~*~ (outnumbered).
  7600 | D:8      | 7600 ||| Stepping ~*~*~tactically~*~*~ (outnumbered).
  7602 | D:8      | 7602 ||| FLEEEEING.
  7603 | D:8      | 7603 ||| FLEEEEING.
  7604 | D:8      | 7604 ||| FLEEEEING.
  7605 | D:8      | 7605 ||| FLEEEEING.
  7606 | D:8      | 7606 ||| FLEEEEING.
  7613 | D:8      | Reached skill level 11 in Unarmed Combat
  7853 | D:8      | Reached XP level 10. HP: 92/92 MP: 10/10
  7894 | D:8      | Found the +7 Singing Sword {vorpal, sonic wave}
  7911 | D:8      | Reached skill level 1 in Dodging
  8233 | D:8      | 8233 ||| UPGRADING to +6 ring of strength.
  8235 | D:8      | 8235 ||| UPGRADING to ring of protection from cold.
  8237 | D:8      | 8237 ||| READING scroll labelled OKKISTR BIROZXOS.
  8238 | D:8      | 8238 ||| DRINKING 2 purple potions.
  8278 | D:8      | 8278 ||| DROPPING potion of lignification.
  8310 | D:9      | 8310 ||| Stepping ~*~*~tactically~*~*~ (stealth).
  8312 | D:9      | 8312 ||| STAIRDANCE
  8318 | D:9      | 8318 ||| STAIRDANCE
  8369 | D:9      | 8369 ||| STAIRDANCE
  8451 | D:9      | 8451 ||| STAIRDANCE
  8471 | D:9      | 8471 ||| STAIRDANCE
  8473 | D:8      | 8473 ||| Stepping ~*~*~tactically~*~*~ (outnumbered).
  8474 | D:8      | 8474 ||| Stepping ~*~*~tactically~*~*~ (outnumbered).
  8475 | D:8      | 8475 ||| Stepping ~*~*~tactically~*~*~ (outnumbered).
  8476 | D:8      | 8476 ||| Stepping ~*~*~tactically~*~*~ (outnumbered).
  8478 | D:8      | 8478 ||| INVOKING Fiery Armour.
  8481 | D:8      | HP: 15/92 [yak (10)]
  8482 | D:8      | 8482 ||| READING 2 scrolls of teleportation.
  8483 | D:8      | 8483 ||| DRINKING 3 potions of heal wounds.
  8574 | D:9      | 8574 ||| Stepping ~*~*~tactically~*~*~ (stealth).
  8575 | D:9      | 8575 ||| Stepping ~*~*~tactically~*~*~ (stealth).
  8579 | D:9      | 8579 ||| Stepping ~*~*~tactically~*~*~ (outnumbered).
  8580 | D:9      | 8580 ||| Stepping ~*~*~tactically~*~*~ (stealth).
  8581 | D:9      | 8581 ||| Stepping ~*~*~tactically~*~*~ (stealth).
  8582 | D:9      | 8582 ||| Stepping ~*~*~tactically~*~*~ (outnumbered).
  8583 | D:9      | 8583 ||| STAIRDANCE
  8585 | D:8      | 8585 ||| Stepping ~*~*~tactically~*~*~ (outnumbered).
  8586 | D:8      | 8586 ||| Stepping ~*~*~tactically~*~*~ (outnumbered).
  8588 | D:8      | Reached skill level 9 in Shields
  8598 | D:9      | 8598 ||| STAIRDANCE
  8636 | D:9      | 8636 ||| Stepping ~*~*~tactically~*~*~ (outnumbered).
  8760 | D:9      | Noticed a death yak
  8761 | D:9      | 8761 ||| INVOKING Fiery Armour.
  8762 | D:9      | Noticed an elephant
  8763 | D:9      | Found a staircase to the Lair.
  8767 | D:9      | 8767 ||| Stepping ~*~*~tactically~*~*~ (outnumbered).
  8773 | D:9      | 8773 ||| Stepping ~*~*~tactically~*~*~ (outnumbered).
  8774 | D:9      | 8774 ||| Stepping ~*~*~tactically~*~*~ (outnumbered).
  8775 | D:9      | 8775 ||| Stepping ~*~*~tactically~*~*~ (outnumbered).
  8781 | D:9      | Killed a death yak
  8782 | D:9      | Reached skill level 12 in Unarmed Combat
  8784 | D:9      | HP: 23/92 [elephant (10)]
  8785 | D:9      | 8785 ||| READING scroll of teleportation.
  8787 | D:9      | 8787 ||| DRINKING 2 potions of heal wounds.
  8787 | D:9      | Killed an elephant
  8868 | D:9      | Noticed a two-headed ogre
  8869 | D:9      | 8869 ||| Stepping ~*~*~tactically~*~*~ (stealth).
  8878 | D:9      | 8878 ||| INVOKING Fiery Armour.
  8879 | D:9      | Killed a two-headed ogre
  8968 | D:9      | 8968 ||| Stepping ~*~*~tactically~*~*~ (stealth).
  9032 | D:9      | 9032 ||| Stepping ~*~*~tactically~*~*~ (stealth).
  9051 | D:9      | 9051 ||| Stepping ~*~*~tactically~*~*~ (stealth).
  9056 | D:9      | 9056 ||| Stepping ~*~*~tactically~*~*~ (outnumbered).
  9060 | D:9      | 9060 ||| Stepping ~*~*~tactically~*~*~ (outnumbered).
  9061 | D:9      | 9061 ||| Stepping ~*~*~tactically~*~*~ (outnumbered).
  9063 | D:9      | 9063 ||| Stepping ~*~*~tactically~*~*~ (outnumbered).
  9064 | D:9      | 9064 ||| Stepping ~*~*~tactically~*~*~ (outnumbered).
  9065 | D:9      | 9065 ||| Stepping ~*~*~tactically~*~*~ (outnumbered).
  9066 | D:9      | 9066 ||| Stepping ~*~*~tactically~*~*~ (outnumbered).
  9067 | D:9      | 9067 ||| Stepping ~*~*~tactically~*~*~ (hiding).
  9070 | D:9      | 9070 ||| Stepping ~*~*~tactically~*~*~ (hiding).
  9071 | D:9      | 9071 ||| Stepping ~*~*~tactically~*~*~ (hiding).
  9072 | D:9      | 9072 ||| Stepping ~*~*~tactically~*~*~ (outnumbered).
  9073 | D:9      | 9073 ||| Stepping ~*~*~tactically~*~*~ (outnumbered).
  9074 | D:9      | 9074 ||| Stepping ~*~*~tactically~*~*~ (outnumbered).
  9075 | D:9      | 9075 ||| Stepping ~*~*~tactically~*~*~ (outnumbered).
  9076 | D:9      | 9076 ||| Stepping ~*~*~tactically~*~*~ (outnumbered).
  9077 | D:9      | 9077 ||| Stepping ~*~*~tactically~*~*~ (outnumbered).
  9079 | D:9      | 9079 ||| Stepping ~*~*~tactically~*~*~ (outnumbered).
  9081 | D:9      | Reached skill level 1 in Throwing
  9085 | D:9      | Reached XP level 11. HP: 81/105 MP: 11/11
  9304 | D:9      | 9304 ||| Stepping ~*~*~tactically~*~*~ (stealth).
  9358 | D:9      | Identified the +0 robe of the Quahog {Stlth+}
  9477 | D:9      | 9477 ||| Stepping ~*~*~tactically~*~*~ (outnumbered).
  9479 | D:9      | 9479 ||| Stepping ~*~*~tactically~*~*~ (outnumbered).
  9480 | D:9      | 9480 ||| Stepping ~*~*~tactically~*~*~ (outnumbered).
  9481 | D:9      | 9481 ||| Stepping ~*~*~tactically~*~*~ (outnumbered).
  9482 | D:9      | 9482 ||| Stepping ~*~*~tactically~*~*~ (outnumbered).
  9483 | D:9      | 9483 ||| Stepping ~*~*~tactically~*~*~ (outnumbered).
  9484 | D:9      | 9484 ||| Stepping ~*~*~tactically~*~*~ (outnumbered).
  9485 | D:9      | 9485 ||| INVOKING Fiery Armour.
  9486 | D:9      | 9486 ||| Stepping ~*~*~tactically~*~*~ (outnumbered).
  9487 | D:9      | 9487 ||| Stepping ~*~*~tactically~*~*~ (outnumbered).
  9489 | D:9      | 9489 ||| Stepping ~*~*~tactically~*~*~ (outnumbered).
  9490 | D:9      | 9490 ||| Stepping ~*~*~tactically~*~*~ (outnumbered).
  9491 | D:9      | 9491 ||| Stepping ~*~*~tactically~*~*~ (outnumbered).
  9492 | D:9      | 9492 ||| Stepping ~*~*~tactically~*~*~ (outnumbered).
  9493 | D:9      | 9493 ||| Stepping ~*~*~tactically~*~*~ (outnumbered).
  9494 | D:9      | 9494 ||| Stepping ~*~*~tactically~*~*~ (outnumbered).
  9495 | D:9      | 9495 ||| Stepping ~*~*~tactically~*~*~ (outnumbered).
  9496 | D:9      | 9496 ||| Stepping ~*~*~tactically~*~*~ (outnumbered).
  9497 | D:9      | 9497 ||| Stepping ~*~*~tactically~*~*~ (outnumbered).
  9498 | D:9      | 9498 ||| Stepping ~*~*~tactically~*~*~ (outnumbered).
  9499 | D:9      | 9499 ||| Stepping ~*~*~tactically~*~*~ (outnumbered).
 10023 | D:9      | 10023 ||| PLANNING LAIR
 10023 | D:9      | 10023 ||| DROPPING +0 robe of the Quahog {Stlth+}.
 10024 | D:9      | 10024 ||| DROPPING ring of resist corrosion.
 10025 | D:9      | 10025 ||| UPGRADING to +6 ring of strength.
 10027 | D:9      | 10027 ||| DROPPING ring of flight.
 10028 | D:9      | 10028 ||| DROPPING ring of positive energy.
 10029 | D:9      | 10029 ||| DROPPING ring of protection from cold.
 10030 | D:9      | 10030 ||| READING 2 scrolls labelled ANYUVU FAHIO.
 10075 | Lair:1   | Entered Level 1 of the Lair of Beasts
 10076 | Lair:1   | 10076 ||| Stepping ~*~*~tactically~*~*~ (outnumbered).
 10077 | Lair:1   | 10077 ||| Stepping ~*~*~tactically~*~*~ (outnumbered).
 10078 | Lair:1   | 10078 ||| Stepping ~*~*~tactically~*~*~ (outnumbered).
 10079 | Lair:1   | 10079 ||| Stepping ~*~*~tactically~*~*~ (outnumbered).
 10080 | Lair:1   | 10080 ||| INVOKING Fiery Armour.
 10087 | Lair:1   | Reached skill level 13 in Unarmed Combat
 10093 | Lair:1   | Reached skill level 1 in Armour
 10216 | Lair:1   | Noticed an ice dragon
 10217 | Lair:1   | 10217 ||| INVOKING Fiery Armour.
 10228 | Lair:1   | Killed an ice dragon
 10600 | Lair:1   | 10600 ||| INVOKING Fiery Armour.
 10601 | Lair:1   | 10601 ||| Stepping ~*~*~tactically~*~*~ (outnumbered).
 10602 | Lair:1   | 10602 ||| Stepping ~*~*~tactically~*~*~ (outnumbered).
 10603 | Lair:1   | 10603 ||| Stepping ~*~*~tactically~*~*~ (outnumbered).
 10605 | Lair:1   | 10605 ||| Stepping ~*~*~tactically~*~*~ (outnumbered).
 10606 | Lair:1   | 10606 ||| Stepping ~*~*~tactically~*~*~ (outnumbered).
 10607 | Lair:1   | 10607 ||| Stepping ~*~*~tactically~*~*~ (outnumbered).
 10608 | Lair:1   | 10608 ||| Stepping ~*~*~tactically~*~*~ (outnumbered).
 10609 | Lair:1   | 10609 ||| Stepping ~*~*~tactically~*~*~ (outnumbered).
 10610 | Lair:1   | 10610 ||| Stepping ~*~*~tactically~*~*~ (outnumbered).
 10611 | Lair:1   | 10611 ||| Stepping ~*~*~tactically~*~*~ (outnumbered).
 10612 | Lair:1   | 10612 ||| Stepping ~*~*~tactically~*~*~ (outnumbered).
 10613 | Lair:1   | 10613 ||| Stepping ~*~*~tactically~*~*~ (outnumbered).
 10615 | Lair:1   | 10615 ||| Stepping ~*~*~tactically~*~*~ (outnumbered).
 10617 | Lair:1   | 10617 ||| Stepping ~*~*~tactically~*~*~ (outnumbered).
 10618 | Lair:1   | 10618 ||| Stepping ~*~*~tactically~*~*~ (outnumbered).
 10620 | Lair:1   | 10620 ||| Stepping ~*~*~tactically~*~*~ (outnumbered).
 10621 | Lair:1   | 10621 ||| Stepping ~*~*~tactically~*~*~ (outnumbered).
 10622 | Lair:1   | 10622 ||| Stepping ~*~*~tactically~*~*~ (outnumbered).
 10623 | Lair:1   | 10623 ||| Stepping ~*~*~tactically~*~*~ (outnumbered).
 10624 | Lair:1   | 10624 ||| Stepping ~*~*~tactically~*~*~ (outnumbered).
 10625 | Lair:1   | 10625 ||| Stepping ~*~*~tactically~*~*~ (outnumbered).
 10626 | Lair:1   | 10626 ||| Stepping ~*~*~tactically~*~*~ (outnumbered).
 10964 | Lair:1   | 10964 ||| UPGRADING to +0 ice dragon scales.
 10974 | Lair:1   | 10974 ||| UPGRADING to +4 ring of evasion.
 10976 | Lair:1   | 10976 ||| DROPPING +6 ring of strength.
 10977 | Lair:1   | 10977 ||| DRINKING 4 blue potions.
 10978 | Lair:1   | 10978 ||| READING 2 scrolls of identify.
 10978 | Lair:1   | 10978 ||| IDENTIFYING fizzy amethyst potion
 10979 | Lair:1   | 10979 ||| DROPPING 3 potions of degeneration.
 10980 | Lair:1   | 10980 ||| DROPPING potion of attraction.
 11028 | Lair:2   | 11028 ||| Stepping ~*~*~tactically~*~*~ (outnumbered).
 11030 | Lair:2   | 11030 ||| Stepping ~*~*~tactically~*~*~ (outnumbered).
 11031 | Lair:2   | 11031 ||| Stepping ~*~*~tactically~*~*~ (outnumbered).
 11032 | Lair:2   | 11032 ||| Stepping ~*~*~tactically~*~*~ (outnumbered).
 11033 | Lair:2   | 11033 ||| Stepping ~*~*~tactically~*~*~ (outnumbered).
 11034 | Lair:2   | 11034 ||| Stepping ~*~*~tactically~*~*~ (outnumbered).
 11036 | Lair:2   | 11036 ||| Stepping ~*~*~tactically~*~*~ (outnumbered).
 11060 | Lair:2   | Found a staircase to the Swamp.
 11066 | Lair:2   | Noticed a four-headed hydra
 11067 | Lair:2   | 11067 ||| Stepping ~*~*~tactically~*~*~ (stealth).
 11068 | Lair:2   | 11068 ||| INVOKING Fiery Armour.
 11079 | Lair:2   | Killed a seven-headed hydra
 11080 | Lair:2   | Reached skill level 3 in Armour
 11150 | Lair:2   | Noticed a six-headed hydra
 11158 | Lair:2   | Killed an eight-headed hydra
 11273 | Lair:2   | Noticed a five-headed hydra
 11274 | Lair:2   | 11274 ||| INVOKING Fiery Armour.
 11282 | Lair:2   | Killed an eight-headed hydra
 11283 | Lair:2   | Reached skill level 14 in Unarmed Combat
 11335 | Lair:2   | 11335 ||| PLANNING TEMPLE
 11498 | Temple   | Entered the Ecumenical Temple
 11566 | Temple   | 11566 ||| PLANNING CONVERSION TO OKAWARU
 11593 | Temple   | Fell from the grace of Ignis
 11593 | Temple   | Became a worshipper of Warmaster Okawaru
 11594 | Temple   | 11594 ||| PLANNING LAIR
 11890 | Lair:2   | 11890 ||| Stepping ~*~*~tactically~*~*~ (stealth).
 11893 | Lair:2   | Reached skill level 6 in Fighting
 11957 | Lair:2   | Found the +4 skin of Zhor {*Englaciate rC+++ SInv}
 11959 | Lair:2   | Noticed Urug
 11986 | Lair:2   | HP: 18/105 [Urug/+2 broad axe (36)]
 11987 | Lair:2   | 11987 ||| READING scroll of teleportation.
 11987 | Lair:2   | Slain by Urug

Levels and vault maps discovered:
D:1:      matt_arrival_los_fun, layout_loops_cross, minmay_door_square,
          st_stairs_9
D:2:      layout_loops_ring, shapermc_ecumenical_altar_gd, serial_glass,
          glass_columns_b, glass_columns_a, basic_altar
D:3:      layout_basic, serial_shops, nicolae_shop_waterfront, uniq_ijyb,
          uniq_robin, uniq_terence, uniq_natasha
D:4:      layout_loops_cross, temple_green, serial_shops, shop
D:5:      layout_loops_ring, serial_bayou, serial_bayou_pond_e,
          serial_bayou_crossing, serial_bayou_lagoon_b, serial_bayou_pond_e,
          serial_bayou_pond_d, amcnicky_mini_corridor_feature
D:6:      layout_rooms, mainiacjoe_overflow_boulevard, gup_sewer_entry_spiral,
          minmay_quadrilaterals
D:7:      minmay_angry_zag, layout_loops_ring, pdpol_wu_jian_five_deadly_venoms,
          biasface_ghost_orc_armoury
D:8:      old_forge, layout_layer_cave, mainiacjoe_overflow_catch_the_wave,
          enter_bailey_2, minmay_misc_feat_x, st_stairs_11
D:9:      nicolae_cairo_tiling_large, layout_layer_cave, david_lair_generic,
          st_stairs_2, hex_tiny
Temple:   minmay_temple_bridge_d
Lair:1:   dragon1_lemuel, layout_chaotic_city, chequers_serial_rivers_micro_d
Lair:2:   layout_layer_cave, minmay_swamp_entry_reptiles, st_stairs_10,
          serial_bayou_ford_a, hellmonk_guarded_unrand_zhor, uniq_urug

Skill      XL: |  1  2  3  4  5  6  7  8  9 10 11 |
---------------+----------------------------------+-----
Unarmed Combat | 4 5 6 7 9 11 12 14 | 14.0
Shields        | 1 3 5 6 8 9 10 | 10.0
Fighting       | 3 4 5 6 |  6.0
Dodging        | 1 |  1.1
Throwing       | 1 |  1.4
Armour         | 3 |  3.5
Spellcasting   | |  1.0
Fire Magic     | |  2.1

Action                   |  1- 3 |  4- 6 |  7- 9 | 10-12 || total
-------------------------+-------+-------+-------+-------++-------
Melee: Unarmed           |   127 |   177 |   357 |   238 ||   899
       Punch             |     2 |     2 |       |       ||     4
Throw: Boomerang         |       |       |     5 |    13 ||    18
Invok: Fiery Armour      |       |     1 |     3 |     9 ||    13
  Use: Scroll            |     1 |     7 |    11 |     6 ||    25
       Potion            |       |     2 |     4 |     4 ||    10
Armor: Robe              |    42 |    50 |    84 |    87 ||   263
       Skin              |       |       |       |     1 ||     1
       Ice dragon scales |       |       |       |    20 ||    20
Dodge: Dodged            |    43 |    56 |    76 |    83 ||   258
Block: Kite shield       |       |    10 |    87 |   128 ||   225

Table legend:
 A = Non-vault XP
 B = Vault XP
 C = Vault XP percentage of total XP
 D = Non-vault monster count
 E = Vault monster count
 F = Vault count percentage of total count
                 A         B        C        D         E       F
            +---------+---------+-------+---------+---------+-------
      Total |   15037 |    5411 |  26.5 |     225 |      75 |  25.0
            +---------+---------+-------+---------+---------+-------
        D:1 |      67 |       3 |   4.3 |      37 |       3 |   7.5
        D:2 |      68 |       0 |   0.0 |      17 |       0 |   0.0
        D:3 |      82 |     131 |  61.5 |      20 |      10 |  33.3
        D:4 |     307 |       0 |   0.0 |      18 |       0 |   0.0
        D:5 |     510 |       0 |   0.0 |      19 |       0 |   0.0
        D:6 |    1119 |     336 |  23.1 |      17 |      13 |  43.3
        D:7 |     834 |     305 |  26.8 |      24 |       5 |  17.2
        D:8 |    2438 |     467 |  16.1 |      27 |      10 |  27.0
        D:9 |    3052 |    1717 |  36.0 |      23 |       5 |  17.9
     Lair:1 |    3877 |     869 |  18.3 |      18 |       1 |   5.3
     Lair:2 |    2683 |    1213 |  31.1 |       5 |       5 |  50.0
      Sewer |       0 |     370 | 100.0 |       0 |      23 | 100.0
            +---------+---------+-------+---------+---------+-------
